Map: Alcyone LE

Players

Achilles

  • Race: Protoss Protoss
  • League: Platinum
  • Spawn Location: 1:00

OrangeBudd - Winner!

  • Race: Zerg Zerg
  • League: Master
  • Spawn Location: 7:00

VOD

Have the link to the VOD?

Description

Time

  • Played on: Oct. 3, 2024, 2:06 p.m.
  • Length: 25:08
Show
View Real Time Build Order
Export as new Build Order

Achilles Protoss 

Build Orders:  

Get SALT Encoding   

  12  0:14  Probe  
  13  0:19  Pylon  
  13  0:26  Probe  
  14  0:40  Probe  
  14  0:41  Gateway  
  15  0:45  Assimilator  
  15  0:52  Probe  
  16  1:05  Probe  
  17  1:17  Probe  
  18  1:29  Cybernetics Core  
  18  1:32  Gateway  
  18  1:37  Probe, Pylon  
  19  1:49  Probe  
  19  1:52  Zealot (Chrono Boost)  
  23  2:09  Warp Gate (Chrono Boost)  
  22  2:22  Nexus  
  22  2:29  Adept  
  24  2:37  Pylon  
  24  2:46  Assimilator  
  24  2:48  Probe  
  25  2:53  Adept  
  27  3:14  Stargate  
  26  3:23  Zealot (Chrono Boost)  
  30  3:29  Zealot (Chrono Boost)  
  30  3:30  Probe (Chrono Boost)  
  31  3:37  Probe (Chrono Boost)  
  33  3:47  Probe x2 (Chrono Boost)  
  34  3:52  Probe (Chrono Boost)  
  34  3:53  Probe (Chrono Boost)  
  36  3:56  Adept  
  36  3:57  Adept  
  40  4:04  Oracle  
  43  4:19  Shield Battery, Pylon  
  44  4:24  Probe x2  
  39  4:35  Stalker  
  39  4:36  Probe  
  39  4:37  Stalker  
  42  5:11  Stalker  
  42  5:12  Stalker  
  46  5:24  Nexus  
  46  5:36  Stalker x2  
  46  5:37  Probe  
  46  5:38  Probe  
  52  5:43  Robotics Facility  
  52  5:49  Probe  
  53  5:50  Probe  
  53  5:52  Gateway  
  54  6:02  Probe x2  
  56  6:11  Stalker  
  56  6:12  Stalker  
  56  6:14  Probe  
  58  6:33  Probe  
  58  6:34  Immortal (Chrono Boost), Probe  
  64  6:46  Probe x2  
  66  6:47  Gateway  
  66  6:49  Gateway  
  66  6:50  Gateway  
  66  6:52  Twilight Council  
  66  6:54  Pylon  
  66  6:56  Pylon  
  66  7:02  Assimilator  
  66  7:04  Assimilator  
  66  7:05  Probe (Chrono Boost)  
  67  7:12  Immortal (Chrono Boost)  
  67  7:15  Probe (Chrono Boost)  
  72  7:20  Probe (Chrono Boost)  
  73  7:25  Sentry x2  
  73  7:26  Sentry  
  79  7:33  Probe x2  
  79  7:35  Probe  
  82  7:38  Pylon  
  82  7:44  Stalker  
  82  7:45  Stalker  
  82  7:47  Probe  
  87  7:57  Sentry x2  
  87  7:58  Sentry  
  93  7:59  Zealot, Probe  
  99  8:12  Oracle  
  99  8:16  Charge (Chrono Boost)  
  99  8:25  Assimilator  
  99  8:29  Assimilator  
  99  8:37  Pylon  
  99  8:39  Pylon  
  99  8:40  Robotics Bay, Pylon  
  99  8:42  Pylon  
  93  9:25  Stalker x6, Extended Thermal Lance (Chrono Boost)  
  105  9:31  Immortal  
  105  9:37  Probe x2  
  109  9:39  Robotics Facility  
  105  10:07  Colossus (Chrono Boost)  
  105  10:10  Shield Battery  
  105  10:11  Shield Battery  
  111  10:17  Robotics Facility  
  111  10:23  Zealot x2  
  111  10:24  Zealot x4  
  123  10:33  Gateway  
  123  10:35  Gateway  
  123  10:37  Gateway  
  123  10:43  Probe  
  123  10:44  Probe  
  123  10:45  Probe  
  126  10:50  Shield Battery, Zealot x2  
  126  10:51  Shield Battery  
  126  10:52  Zealot  
  126  10:55  Probe  
  133  11:01  Nexus  
  133  11:06  Nexus  
  133  11:07  Pylon  
  133  11:10  Pylon  
  133  11:13  Probe  
  133  11:21  Observer  
  133  11:25  Observer x2  
  127  11:38  Observer  
  104  11:55  Stalker  
  104  11:56  Stalker x5  
  104  11:57  Stalker x3  
  104  12:00  Colossus  
  128  12:32  Nexus  
  128  12:36  Forge  
  128  12:41  Sentry x3  
  128  12:42  Sentry x3, Forge  
  140  12:44  Forge  
  140  12:45  Nexus  
  140  12:52  Pylon  
  140  12:55  Pylon  
  140  13:07  Pylon  
  140  13:15  Protoss Ground Weapons Level 1 (Chrono Boost), Protoss Ground Armor Level 1 (Chrono Boost)  
  140  13:16  Protoss Shields Level 1 (Chrono Boost)  
  140  13:21  Sentry x4  
  140  13:22  Sentry x3  
  115  14:25  Zealot x7  
  115  14:26  Zealot x2  
  115  14:29  Probe (Chrono Boost)  
  128  14:37  Probe (Chrono Boost)  
  129  14:41  Probe (Chrono Boost)  
  131  14:46  Probe (Chrono Boost)  
  131  14:47  Probe (Chrono Boost)  
  131  14:51  Probe (Chrono Boost)  
  133  14:56  Probe  
  133  14:57  Pylon  
  133  14:59  Stalker x7, Pylon  
  148  15:00  Stalker x2  
  148  15:01  Pylon  
  148  15:02  Probe  
  153  15:08  Probe  
  154  15:14  Probe  
  154  15:15  Protoss Ground Armor Level 2 (Chrono Boost)  
  154  15:16  Protoss Ground Weapons Level 2 (Chrono Boost)  
  154  15:17  Protoss Shields Level 2 (Chrono Boost)  
  154  15:18  Templar Archives  
  154  15:20  Pylon  
  155  15:21  Pylon  
  141  15:59  Immortal x3  
  153  16:09  Stalker  
  153  16:10  Stalker x5  
  164  16:11  Stalker x3  
  171  16:18  Probe  
  171  16:30  Probe  
  120  17:15  Colossus x2  
  120  17:16  Colossus  
  138  17:23  Oracle  
  138  17:26  Stalker x5  
  138  17:27  Stalker x4  
  159  17:35  Probe  
  160  17:39  Assimilator  
  160  17:41  Assimilator  
  160  17:42  Protoss Ground Weapons Level 3 (Chrono Boost), Assimilator  
  160  17:43  Protoss Shields Level 3 (Chrono Boost), Protoss Ground Armor Level 3 (Chrono Boost)  
  160  17:51  Stalker x2  
  160  17:52  Stalker x7  
  178  18:00  Oracle  
  181  18:20  Sentry x6  
  181  18:23  Zealot x3  
  199  18:31  Gateway  
  199  18:33  Gateway  
  199  18:39  Gateway  
  199  18:41  Gateway  
  199  18:42  Gateway  
  127  19:09  Immortal x3  
  123  19:11  Stalker x5  
  123  19:12  Stalker x3  
  123  19:13  Stalker  
  141  19:41  Zealot x7  
  141  19:42  Zealot x4  
  141  19:43  Zealot  
  141  19:44  Zealot x2  
  169  19:58  Fleet Beacon  
  169  20:10  Stalker x5  
  169  20:11  Stalker x4  
  187  20:32  Sentry x5  
  187  20:34  Sentry  
  199  20:39  Nexus  
  133  21:31  Stalker x6  
  133  21:32  Stalker x3  
  149  21:33  Stalker x5  
  149  21:39  Tempest  
  166  21:44  Stargate  
  148  22:08  Disruptor (Chrono Boost)  
  148  22:09  Disruptor (Chrono Boost)  
  148  22:12  Disruptor (Chrono Boost)  
  160  22:16  Stalker x4  
  160  22:17  Zealot  
  160  22:18  Zealot x2  
  160  22:19  Zealot x4  
  182  22:52  Zealot x3  
  182  22:53  Zealot x4  
  182  22:54  Zealot x2  
  199  23:21  Unknown  
  193  24:14  Observer x2  
  193  24:15  Observer  
Show
View Real Time Build Order
Export as new Build Order

OrangeBudd Zerg - Winner!

Build Orders: Hatch First, Lurkers 

Get SALT Encoding   

  12  0:00  Drone  
  13  0:12  Overlord  
  13  0:17  Drone  
  14  0:30  Drone x2  
  14  0:34  Drone  
  17  1:00  Hatchery  
  16  1:04  Drone  
  16  1:05  Drone  
  18  1:14  Spawning Pool  
  17  1:18  Extractor  
  16  1:38  Drone x3  
  19  1:52  Drone  
  20  2:01  Queen  
  22  2:12  Queen  
  22  2:14  Drone x3  
  27  2:27  Metabolic Boost, Zergling x2  
  28  2:36  Roach Warren  
  27  2:42  Drone  
  27  2:43  Overlord  
  28  2:47  Overlord  
  28  3:24  Roach  
  28  3:25  Roach x5  
  28  3:26  Overlord  
  40  3:32  Drone  
  40  3:33  Drone x3  
  44  3:35  Overlord  
  44  3:50  Roach  
  44  3:51  Extractor, Roach x2  
  44  3:55  Drone  
  50  4:06  Drone  
  50  4:07  Drone x3  
  54  4:14  Drone  
  54  4:15  Drone x2  
  54  4:16  Drone  
  58  4:27  Ravager  
  54  4:45  Roach  
  56  4:46  Roach  
  56  4:47  Drone x2  
  54  5:08  Drone x3  
  54  5:09  Roach  
  54  5:10  Overlord  
  54  5:11  Overlord x2  
  55  5:31  Roach  
  55  5:32  Roach x4  
  65  5:42  Lair  
  65  5:46  Queen  
  65  5:48  Hatchery, Roach  
  65  5:49  Roach x2  
  72  6:13  Drone x10  
  72  6:18  Spore Crawler  
  79  6:30  Spore Crawler  
  77  6:41  Roach x3  
  77  6:42  Drone  
  84  6:50  Overlord  
  84  6:51  Overlord x2  
  84  6:52  Glial Reconstitution  
  84  6:58  Hydralisk Den  
  84  6:59  Drone  
  84  7:11  Drone x2  
  84  7:12  Drone x3  
  84  7:13  Drone x3  
  92  7:17  Extractor  
  92  7:18  Extractor, Roach  
  92  7:19  Roach x2  
  96  7:23  Queen  
  96  7:25  Queen  
  100  7:30  Drone  
  100  7:31  Lurker Den  
  100  7:32  Overlord x2  
  100  7:34  Drone x4  
  104  7:52  Zergling x10  
  109  8:03  Spine Crawler  
  108  8:07  Spine Crawler  
  107  8:48  Hydralisk x9  
  106  9:16  Lurker  
  101  9:17  Lurker x2  
  100  9:34  Hatchery  
  97  10:04  Lurker x6  
  103  10:12  Zergling x2  
  103  10:13  Roach x6  
  116  10:16  Overlord x3  
  116  10:17  Overlord x2, Hatchery  
  115  10:27  Infestation Pit  
  114  10:40  Extractor  
  113  10:43  Extractor  
  113  10:46  Extractor  
  113  10:47  Extractor  
  110  10:51  Roach x5  
  110  10:52  Roach x18  
  156  11:18  Overseer  
  156  11:27  Hatchery  
  133  11:53  Hydralisk x11  
  133  11:54  Hydralisk x4  
  142  12:27  Drone x5  
  142  12:28  Drone x5  
  152  12:37  Hive  
  152  12:47  Drone x8  
  152  12:50  Queen  
  162  12:54  Queen x2  
  166  13:05  Evolution Chamber  
  165  13:06  Evolution Chamber  
  165  13:08  Spire  
  163  13:14  Ravager  
  163  13:16  Ravager  
  165  13:20  Overseer x2  
  165  13:21  Overlord x3  
  165  13:30  Roach x4  
  165  13:32  Lurker  
  170  13:57  Lurker x4  
  170  13:58  Lurker  
  175  14:05  Infestor x2  
  175  14:06  Infestor  
  175  14:07  Roach  
  175  14:08  Roach x7  
  161  14:31  Roach  
  161  14:32  Roach x15  
  161  14:33  Roach x2  
  197  14:39  Overlord x5  
  197  14:49  Spine Crawler  
  197  14:50  Spine Crawler  
  191  15:11  Zerg Ground Armor Level 1, Zerg Missile Weapons Level 1  
  171  16:09  Roach  
  171  16:10  Hydralisk, Roach x10  
  195  16:11  Hydralisk x2  
  124  17:09  Roach  
  124  17:10  Roach x28  
  124  17:11  Roach x8  
  189  17:36  Lurker x3  
  189  17:37  Hydralisk x3, Lurker  
  199  17:55  Seismic Spines  
  199  17:56  Zerg Ground Armor Level 2, Zerg Missile Weapons Level 2  
  199  17:57  Zerg Flyer Weapons Level 1  
  199  17:59  Muscular Augments  
  199  18:00  Adrenal Glands  
  199  18:01  Spine Crawler  
  199  18:03  Spine Crawler x2  
  196  18:06  Spine Crawler  
  181  18:52  Adaptive Talons  
  146  19:02  Roach x4  
  128  19:03  Grooved Spines, Roach x15  
  142  19:20  Hydralisk  
  142  19:21  Hydralisk x3  
  150  19:47  Lurker  
  151  19:53  Lurker  
  151  19:54  Lurker x2  
  151  19:55  Corruptor x4  
  162  20:40  Zerg Ground Armor Level 3, Zerg Missile Weapons Level 3  
  162  20:44  Overseer  
  134  21:30  Corruptor x4  
  134  21:31  Corruptor  
  134  21:32  Roach  
  150  21:33  Roach x14  
  174  21:41  Overseer x4  
  172  22:23  Greater Spire  
  172  22:24  Neural Parasite  
  172  22:47  Viper  
  172  22:48  Drone  
  176  22:56  Corruptor x4  
  176  22:58  Hydralisk x2, Hatchery  
  184  22:59  Hydralisk x6  
  191  23:49  Corruptor x2  
  191  23:50  Corruptor  
  191  23:52  Overlord x3  
Tags
 
Composition
Lurkers
Matchup
PvZ
Spawn Locations
Cross Positions
Add a new tag
Caveats
  • Supply blocks, unpowered buildings, or Contaminate may cause inaccurate times.
  • Supply counts are checked every 10 seconds.